 Dungeon Crawl Stone Soup version 0.27-a0-1196-g3e9cee4cb2 (webtiles) character file.

Game seed: 9761657027081370324

412 avis the Grave Robber (level 6, -3/51 HPs)
             Began as a Deep Dwarf Necromancer on May 28, 2021.
             Killed from afar by a white imp (6 damage)
             ... with a puff of frost
             ... on level 4 of the Dungeon on May 29, 2021.
             The game lasted 00:24:13 (5357 turns).

avis the Grave Robber (Deep Dwarf Necromancer)      Turns: 5357, Time: 00:24:13

Health: -3/51      AC:  3    Str: 12    XL:     6   Next: 59%
Magic:  9/9        EV: 12    Int: 17    God:
Gold:   131        SH:  0    Dex: 13    Spells: 5/9 levels left

rFire    . . .     SeeInvis .   a - +0 war axe
rCold    . . .     Faith    .   (no shield)
rNeg     . . .     Spirit   .   i - +0 leather armour
rPois    .         Reflect  .   (no helmet)
rElec    .         Harm     .   (no cloak)
rCorr    .         Rampage  .   (no gloves)
Will     .....                  (no boots)
Stlth    ++........             (no amulet)
HPRegen  0.00/turn              (no ring)
MPRegen  0.11/turn              (no ring)

@: no status effects
A: damage resistance, heal wounds, sense surroundings 1, no regeneration
a: Heal Wounds


You were on level 4 of the Dungeon.
You visited 1 branch of the dungeon, and saw 5 of its levels.

You collected 131 gold pieces.

Inventory:

Hand Weapons
 a - a +0 war axe (weapon)
 b - a +0 hunting sling
 j - a +2 dagger of speed
 w - a +2 short sword of flaming
Missiles
 d - 61 arrows
 e - 13 boomerangs
 l - 34 stones
 m - 29 poisoned darts (quivered)
Armour
 c - a +0 robe
 g - a +0 chain mail
 i - a +0 leather armour (worn)
 u - a scarf of invisibility
Magical Staves
 r - a staff of poison
Wands
 o - a wand of flame (15)
Scrolls
 f - a scroll of blinking {unknown}
 k - a scroll of magic mapping {unknown}
 n - 2 scrolls of identify {unknown}
 t - 3 scrolls of immolation {unknown}
Potions
 h - 2 potions of heal wounds {unknown}
 p - a potion of lignification {unknown}
 q - a potion of attraction {unknown}
 s - a potion of haste {unknown}
 v - a potion of might {unknown}


   Skills:
 - Level 1.0 Fighting
 - Level 3.0 Dodging
 - Level 3.0 Stealth
 - Level 2.0 Spellcasting
 + Level 7.8 Necromancy
 * Level 2.3 Evocations


You had 5 spell levels left.
You knew the following spells:

 Your Spells              Type           Power      Damage    Failure   Level
a - Pain                  Necr           100%       1d9       1%          1
d - Vampiric Draining     Necr           14%        2d8       3%          3

Your spell library contained the following spells:

 Spells                   Type           Power      Damage    Failure   Level
 Animate Skeleton         Necr           56%        N/A       1%          1
 Animate Dead             Necr           14%        N/A       10%         4
 Apportation              Tloc           2%         N/A       24%         1
 Corona                   Hex            1%         N/A       24%         1
 Summon Small Mammal      Summ           4%         N/A       24%         1
 Agony                    Necr           28%        N/A       26%         5


Dungeon Overview and Level Annotations

Branches:
Dungeon (5/15)
 Temple: D:4-7

Altars:
Cheibriados
Ru
Vehumet


Innate Abilities, Weirdness & Mutations

You are resistant to damage.
You can heal yourself by infusing magical energy.
You passively map a small area around you.
You do not regenerate.


Message History

There is a stone staircase leading down, spattered with blood here.
Things that are here:
a +0 giant club; an ogre corpse
m - 29 poisoned darts (gained 1)
There is a stone staircase leading down, spattered with blood here.
Things that are here:
a +0 giant club; an ogre corpse You start resting.
Magic restored.
You climb downwards.
The white imp hits you but does no damage.
There is a stone staircase leading up here.
The white imp hits you. The white imp freezes you.
* * * LOW HITPOINT WARNING * * *
You climb upwards.
There is a stone staircase leading down, spattered with blood here.
Things that are here:
a +0 giant club; an ogre corpse You hit the white imp.
The white imp is heavily wounded.
The white imp hits you but does no damage.
The white imp hits you. The white imp freezes you.
You closely miss the white imp.
The white imp is heavily wounded.
The white imp misses you.
You barely miss the white imp.
The white imp is heavily wounded.
The white imp gestures at you. The puff of frost misses you.
The white imp hits you. The white imp freezes you.
You barely miss the white imp.
The white imp is heavily wounded.
The white imp hits you.
* * * LOW HITPOINT WARNING * * *
The white imp freezes you.
* * * LOW HITPOINT WARNING * * *
You fail to use your ability.
The white imp gestures at you. The puff of frost hits you!
You die...

#..............#.#..
#........#.....#.#..
##..#...............
####...............
##................
##.................
#..................
#..................
##.@5...............
#...................
##..................
####.................
####.##.................
####..#..#.................
#..........................
####..#...........##..........
#..#..#.........#.###.........


You could see a white imp.

Vanquished Creatures
  2 ogres (D:4)
  A hound (D:4)
  An orc priest (D:3)
  An iguana (D:3)
  A gnoll (D:1)
  5 adders
  An ufetubus (D:5)
  2 adder skeletons (D:4)
  4 worms
  2 dart slugs
  3 orcs
  3 ball pythons (D:2)
  5 bats
  12 endoplasms
  3 giant cockroaches
  6 goblins
  7 hobgoblins
  4 quokkas
  3 frilled lizards
  3 kobolds
  12 rats
81 creatures vanquished.

Vanquished Creatures (others)
  7 toadstools (D:1)
7 creatures vanquished.

Grand Total: 88 creatures vanquished

Notes
Turn   | Place    | Note
-------+----------+-------------------------------------------
     0 | D:1      | avis the Deep Dwarf Necromancer began the quest for the
                  | Orb.
     0 | D:1      | Reached XP level 1. HP: 15/15 MP: 3/3
   518 | D:1      | Reached XP level 2. HP: 16/22 MP: 0/4
   682 | D:1      | Found a faded altar of an unknown god.
   704 | D:1      | Reached skill level 5 in Necromancy
   944 | D:1      | Reached XP level 3. HP: 20/28 MP: 1/6
  1422 | D:1      | Learned a level 3 spell: Vampiric Draining
  2119 | D:2      | Reached XP level 4. HP: 31/36 MP: 0/7
  2204 | D:2      | Reached skill level 6 in Necromancy
  3548 | D:3      | Reached skill level 1 in Fighting
  3550 | D:3      | Reached XP level 5. HP: 11/44 MP: 2/8
  3676 | D:3      | Found a snail-covered altar of Cheibriados.
  4384 | D:4      | Reached skill level 7 in Necromancy
  4509 | D:4      | Found a sacrificial altar of Ru.
  4509 | D:4      | Found a radiant altar of Vehumet.
  4540 | D:4      | Noticed an ogre
  5103 | D:4      | Killed an ogre
  5104 | D:4      | Reached XP level 6. HP: 35/51 MP: 2/9
  5183 | D:5      | Entered Level 5 of the Dungeon
  5357 | D:4      | Killed from afar by a white imp

Illustrated notes

Levels and vault maps discovered:
D:1:      nagdon_arrival_zigzag_paths, layout_basic,
          shapermc_ecumenical_altar_venn, interstate_on_off
D:2:      kennysheep_big_flooded_room, layout_basic
D:3:      layout_rooms, chei_slow_surprise
D:4:      layout_cave_pools, gammafunk_temple_overflow_wave,
          minmay_splitting_lines
D:5:      minmay_skewed_foursquare, layout_cave_pools, grunt_qazlal_clouds,
          lemuel_round_altar, overflow_temple_1_default, grunt_ministairs_6

Skill      XL: |  1  2  3  4  5  6 |
---------------+-------------------+-----
Necromancy     | 5 6 7 |  7.8
Spellcasting   | 2 |  2.0
Stealth        | 3 |  3.0
Fighting       | 1 |  1.0
Dodging        | 3 |  3.0
Evocations     | 2 |  2.3

Action                   |  1- 3 |  4- 6 || total
-------------------------+-------+-------++-------
Melee: Unarmed           |     1 |       ||     1
       War axe           |    16 |    49 ||    65
 Fire: Hunting sling     |       |    18 ||    18
Throw: Dart              |       |    10 ||    10
       Boomerang         |       |     1 ||     1
 Cast: Pain              |    72 |    29 ||   101
       Vampiric Draining |     8 |    28 ||    36
Armor: Robe              |     1 |       ||     1
       Leather armour    |     4 |    14 ||    18
Dodge: Dodged            |     5 |    51 ||    56

Table legend: (Time is in decaauts)
 A = Elapsed time spent in this place.
 B = Non-inter-level travel time spent in this place.
 C = Inter-level travel time spent in this place.
 D = Time resting spent in this place.
 E = Time spent auto-exploring this place.
 F = Levels seen in this place.
 G = Mean time per level.
                   A        B        C        D        E       F      G
               +--------+--------+--------+--------+--------+-----+--------+
         Total |   5391 |   4903 |    488 |   1777 |   2019 |   5 | 1078.2 |
       Dungeon |   5391 |   4903 |    488 |   1777 |   2019 |   5 | 1078.2 |
               +--------+--------+--------+--------+--------+-----+--------+

Top non-repeatable levels by time:
     D:1: 1621 daAuts
     D:2: 1608 daAuts
     D:4: 1199 daAuts
     D:3: 930 daAuts
     D:5: 31 daAuts
